 Dungeon Crawl Stone Soup version 0.20-a0-893-g832831a (webtiles) character file.

305 pichaelthompson the Skirmisher (level 6, 0/48 HPs)
             Began as a Demonspawn Berserker on Mar 16, 2017.
             Was a Believer of Trog.
             Slain by a worm (5 damage)
             ... on level 4 of the Dungeon.
             The game lasted 00:14:24 (5729 turns).

pichaelthompson the Skirmisher (DsBe)               Turns: 5729, Time: 00:14:25

Health: 0/48       AC:  9    Str: 18    XL:     6   Next: 15%
Magic:  6/6        EV:  8    Int:  9    God:    Trog [**....]
Gold:   113        SH:  0    Dex: 13    Spells: 5/5 levels left

rFire    x . .     SeeInvis .   p - +1 falchion (slice)
rCold    + . .     Gourm    .   i - +0 chain mail
rNeg     . . .     Faith    .   (no shield)
rPois    .         Spirit   .   (no helmet)
rElec    .         Reflect  .   (no cloak)
rCorr    .         Harm     .   (no gloves)
MR       .....                  (no boots)
Stlth    ..........             (no amulet)
Regen    0.2/turn               (no ring)
MPRegen  0.1/turn               d - ring of ice

@: exhausted, slowed, very slow
A: hooves 2, foul stench 1, spiny 1, rot immunity
a: Berserk, Trog's Hand, Burn Spellbooks, Renounce Religion


You were on level 4 of the Dungeon.
You worshipped Trog.
Trog was pleased with you.
You were hungry.

You visited 1 branch of the dungeon, and saw 4 of its levels.

You collected 113 gold pieces.

Inventory:

Hand Weapons
 p - a +1 falchion of slicing (weapon)
Armour
 i - a +0 chain mail (worn)
Jewellery
 d - a ring of ice (left hand)
 g - an uncursed amulet of faith {unknown}
Scrolls
 b - a scroll of fear {unknown}
 e - 3 scrolls of enchant weapon {unknown}
 h - a scroll of remove curse
 s - a scroll of random uselessness {unknown}
Potions
 j - 2 potions of mutation {unknown}
 k - 2 potions of flight
 l - a potion of brilliance
 m - 5 potions of curing
 n - 3 potions of lignification
 o - a potion of heal wounds {unknown}
 q - a potion of agility {unknown}
 r - a potion of degeneration {unknown}
Comestibles
 a - a chunk of flesh
 c - 4 bread rations
 f - 2 royal jellies


   Skills:
 - Level 3.9 Fighting
   Level 1.6(1.7) Short Blades
 * Level 0.1(1.0) Long Blades
   Level 3.6 Polearms
 + Level 3.7 Armour
 - Level 2.6 Dodging
 - Level 0.4 Stealth


You had 5 spell levels left.
You didn't know any spells.

Dungeon Overview and Level Annotations

Branches:
Dungeon (4/15)
 Temple: D:4-7

Altars:

Shops:
D:4 (


Innate Abilities, Weirdness & Mutations

You have hoof-like feet.
You may emit foul miasma when damaged in melee.
You are partially covered in sharp spines.
You are immune to rotting.


Message History

You kill the orc!
Trog accepts your kill.
The orc priest is struck by your spines.
The orc priest hits you but does no damage.
Something hits you but does no damage. The worm is struck by your spines.
The worm bites you.
* * * LOW HITPOINT WARNING * * *
The worm looks sick.
Something hits you but does no damage. The orc priest hits you.
* * * LOW HITPOINT WARNING * * *
Something hits you.
* * * LOW HITPOINT WARNING * * *
You barely miss the orc priest.
The orc priest is almost dead.
Something hits you.
* * * LOW HITPOINT WARNING * * *
The orc priest hits you but does no damage.
Something hits you but does no damage. The worm is struck by your spines.
The worm bites you.
You die...

#..........###
#..........##
#######
#.########...
###.....###รท#
####
##........##.+
.............#
.............#
......{ow)...#
#
......{@)....#
#
............[#
#
............##
#
............#
............#
..$........##
...........#
#######.####


You could see a worm and an orc priest.

Vanquished Creatures
  4 orc wizards (D:4)
  A hound (D:4)
  Terence (D:2)
  A worker ant (D:4)
  An adder (D:2)
  An ooze (D:2)
  3 worms
  4 dart slugs
  2 leopard geckos
  9 orcs
  2 ball pythons
  8 bats
  5 giant cockroaches
  9 goblins
  3 hobgoblins
  5 jackals
  5 kobolds
  A quokka (D:4)
  4 frilled lizards
  A leopard gecko zombie (D:4)
  9 rats
79 creatures vanquished.

Notes
Turn   | Place    | Note
-------+----------+-------------------------------------------
     0 | D:1      | pichaelthompson the Demonspawn Berserker began the quest for the Orb.
     0 | D:1      | Reached XP level 1. HP: 18/18 MP: 1/1
   587 | D:1      | Gained mutation: You have large cloven feet. [demonic ancestry]
   587 | D:1      | Reached XP level 2. HP: 24/24 MP: 2/2
  1716 | D:1      | Reached skill level 1 in Short Blades
  1931 | D:2      | Gained mutation: You are partially covered in sharp spines. [demonic ancestry]
  1931 | D:2      | Reached XP level 3. HP: 28/29 MP: 3/3
  3246 | D:2      | Noticed Terence
  3253 | D:2      | Killed Terence
  3253 | D:2      | Gained mutation: You are immune to rotting. [demonic ancestry]
  3253 | D:2      | Reached XP level 4. HP: 37/37 MP: 4/4
  4147 | D:3      | Reached ** piety under Trog
  4772 | D:4      | Gained mutation: You may emit foul miasma when damaged in melee. [demonic ancestry]
  4772 | D:4      | Reached XP level 5. HP: 38/42 MP: 5/5
  5227 | D:4      | Found Guehell's Weapon Shop.
  5350 | D:4      | Gained mutation: You have hoof-like feet. [demonic ancestry]
  5350 | D:4      | Reached XP level 6. HP: 44/48 MP: 6/6
  5729 | D:4      | Slain by a worm

Vault maps used:
D:1:      dpeg_arrival_pond
D:2:      grunt_ministairs_9, uniq_terence
D:4:      serial_shops, shop, dk_vineyard_2, kennysheep_generic_room_14

Skill      XL: |  1  2  3  4  5 |
---------------+----------------+-----
Armour         | 2 3 |  3.7
Dodging        | 2 |  2.6
Short Blades   | 1 |  1.6
Polearms       | 3 |  3.6
Fighting       | |  3.9
Long Blades    | |  0.1
Stealth        | |  0.4

Action                   |  1- 3 |  4- 6 || total
-------------------------+-------+-------++-------
Melee: Dagger            |   180 |       ||   180
       Spear             |    12 |   115 ||   127
       Kick              |    49 |    35 ||    84
       Falchion          |       |     7 ||     7
Invok: Berserk           |     1 |     2 ||     3
  Use: Scroll            |       |     7 ||     7
  Eat: Chunk             |     6 |     6 ||    12
       Meat ration       |     1 |       ||     1
Armor: Animal skin       |    29 |       ||    29
       Chain mail        |       |    76 ||    76
Dodge: Dodged            |   127 |    54 ||   181
       Rpst.: Falchion   |       |     2 ||     2
